 Dungeon Crawl Stone Soup version 0.27-a0-419-g7a85846853 (webtiles) character file.

Game seed: 11026695158528895276

856 Chiseanne the Skirmisher (level 7, -4/57 HPs)
             Began as a Demonspawn Wanderer on Feb 26, 2021.
             Was a Follower of Vehumet.
             Slain by an ogre
             ... wielding a +0 giant club
              (14 damage)
             ... on level 5 of the Dungeon.
             The game lasted 00:11:33 (6652 turns).

Chiseanne the Skirmisher (Demonspawn Wanderer)      Turns: 6652, Time: 00:11:33

Health: -4/57      AC: 16    Str: 19    XL:     7   Next: 70%
Magic:  7/7        EV: 12    Int: 18    God:    Vehumet [*.....]
Gold:   215        SH:  8    Dex: 11    Spells: 6/6 levels left

rFire    . . .     SeeInvis .   a - +1 long sword
rCold    . . .     Faith    +   t - +1 buckler
rNeg     . . .     Spirit   .   v - +0 ring mail
rPois    .         Reflect  .   k - +0 helmet
rElec    .         Harm     .   w - +0 cloak
rCorr    .         Rampage  .   (no gloves)
Will     .....                  i - +0 pair of boots
Stlth    +.........             r - amulet of faith
HPRegen  0.19/turn              b - +6 ring of strength
MPRegen  0.10/turn              x - +4 ring of protection

@: no status effects
A: claws 1, icemail 1, big brain 1, condensation shield
a: Renounce Religion


You were on level 5 of the Dungeon.
You worshipped Vehumet.
Vehumet was aware of your devotion.
You visited 2 branches of the dungeon, and saw 6 of its levels.

You collected 215 gold pieces.

Inventory:

Hand Weapons
 a - a +1 long sword (weapon)
 d - a +0 dagger
 q - a +3 short sword
Missiles
 c - 57 poisoned darts (quivered)
 f - 196 stones
 l - 66 arrows
 n - 58 bolts
 o - a throwing net
 p - 3 atropa-tipped darts
Armour
 i - a +0 pair of boots (worn)
 k - a +0 helmet (worn)
 m - a +3 leather armour of willpower
 t - a +1 buckler (worn)
 v - a +0 ring mail (worn)
 w - a +0 cloak (worn)
Jewellery
 b - a +6 ring of strength (left claw)
 r - an amulet of faith (around neck)
 u - a ring of protection from cold
 x - a +4 ring of protection (right claw)
Wands
 g - a wand of random effects (19)
 y - a wand of flame (17)
 z - a wand of charming (6)
Scrolls
 e - a scroll of magic mapping
 j - 3 scrolls of identify
Potions
 s - a potion of cancellation
 A - a potion of brilliance


   Skills:
 * Level 5.7 Fighting
 - Level 2.6 Polearms
 - Level 1.0 Throwing
 * Level 2.2 Armour
 * Level 5.2 Dodging
 * Level 0.6 Shields
 - Level 1.0 Summonings
 - Level 1.7 Earth Magic
 - Level 1.0 Evocations


You had 6 spell levels left.
You didn't know any spells.
Your spell library was empty.

Dungeon Overview and Level Annotations

Branches:
Dungeon (5/15)             Temple (1/1) D:4

Altars:
Ashenzari
Cheibriados
Dithmenos
Elyvilon
Fedhas
Hepliaklqana
Kikubaaqudgha
Makhleb
Nemelex Xobeh
Okawaru
Qazlal
Ru
Trog
Uskayaw
Vehumet
Wu Jian
Xom
Yredelemnul
The Shining One

Shops:
D:4 (

Annotations:
D:2 Terence
D:5 Pikel


Innate Abilities, Weirdness & Mutations

You have sharp fingernails.
A meltable icy envelope protects you from harm. (AC +4)
You have an unusually large brain. (Int +2)
A meltable shield of frost defends you. (SH +4)


Message History

You hit Pikel but do no damage.
Pikel is lightly wounded.
Pikel hits you with a +0 whip of electrocution. x2
You are electrocuted!!
You feel better. Pikel hits you but does no damage.
You feel better. Pikel hits you but does no damage.
Aiming: Random Effects
Press: ? - help, Shift-Dir - straight line, f - Pikel
Aim: Pikel, wielding a +0 whip of electrocution and wearing a +0 robe Pikel resists with some effort.
Pikel hits you with a +0 whip of electrocution.
You are electrocuted!!
Aiming: Random Effects
Press: ? - help, Shift-Dir - straight line, f/p - Pikel
Aim: Pikel, wielding a +0 whip of electrocution and wearing a +0 robe Pikel resists with some effort.
You block Pikel's attack.
Aiming: Random Effects
Press: ? - help, Shift-Dir - straight line, f/p - Pikel
Aim: Pikel, wielding a +0 whip of electrocution and wearing a +0 robe Pikel twists and deforms.
Pikel barely misses you.
Aiming: Random Effects
Press: ? - help, Shift-Dir - straight line, f/p - Pikel
Aim: Pikel, wielding a +0 whip of electrocution and wearing a +0 robe (misshapen and mutated) Pikel flickers and vanishes!
Deactivating autopickup; reactivate with Ctrl-A.
Something hits you but does no damage.
Okay, then.
Something hits you but does no damage.
You are electrocuted!
* * * LOW HITPOINT WARNING * * *
Pikel appears from thin air!
Reactivating autopickup.
An ogre comes into view. It is wielding a +0 giant club.
The ogre shouts!
Pikel says, "You'll feel the lick of my whip!"
Pikel says, "You'll burn in Gehenna!"
Aiming: Charm
Press: ? - help, Shift-Dir - straight line, f/p - Pikel
Aim: Pikel, wielding a +0 whip of electrocution and wearing a +0 robe (misshapen and mutated, chance to affect: 54%)
The ogre resists with some effort.
The ogre hits you with a +0 giant club!
You die...

......# ##. #.#
.......####...##5####.##
.......+........l.......
.......####...##.######.
......## ##. #5# .....##
# #5# #...## #K# ##+##
#O# ... #@# ##.
#.......# #..###.## #
###


You could see Pikel (misshapen), an ogre, 3 lemures and a frilled lizard.

Vanquished Creatures
  Sigmund (D:3)
  A phantom (D:4)
  A howler monkey (D:4)
  A centaur skeleton (D:4)
  5 orc priests (D:3)
  2 iguanas (D:4)
  Ijyb (D:3)
  Natasha (twice) (D:2)
  2 orc wizards (D:3)
  2 hound skeletons (D:4)
  3 adders
  An ufetubus (D:5)
  2 adder skeletons (D:4)
  2 worms
  2 dart slugs (D:1)
  2 leopard geckos
  12 orcs
  4 giant cockroaches (D:1)
  8 goblins
  3 hobgoblins
  12 jackals
  A ball python (D:4)
  9 bats
  7 frilled lizards
  8 kobolds
  9 rats
  A butterfly (D:4)
104 creatures vanquished.

Vanquished Creatures (collateral kills)
  An ogre (D:4)
1 creature vanquished.

Vanquished Creatures (others)
  An adder skeleton (D:4)
1 creature vanquished.

Grand Total: 106 creatures vanquished

Notes
Turn   | Place    | Note
-------+----------+-------------------------------------------
     0 | D:1      | Chiseanne the Demonspawn Wanderer began the quest for the
                  | Orb.
     0 | D:1      | Chiseanne set off with the following items: a +0
                  | quarterstaff, a +2 leather armour, 14 poisoned darts, a +0
                  | dagger
     0 | D:1      | Reached XP level 1. HP: 15/15 MP: 1/1
   227 | D:1      | Gained mutation: You have an unusually large brain. (Int
                  | +2) [demonic ancestry]
   227 | D:1      | Reached XP level 2. HP: 18/21 MP: 2/2
   965 | D:1      | Reached XP level 3. HP: 22/27 MP: 3/3
  1535 | D:2      | Noticed Natasha
  1536 | D:2      | Noticed Terence
  1568 | D:2      | Killed Natasha
  1569 | D:2      | Gained mutation: A meltable shield of frost defends you.
                  | (SH +4) [demonic ancestry]
  1569 | D:2      | Reached XP level 4. HP: 14/34 MP: 4/4
  2040 | D:2      | Noticed Natasha
  2059 | D:2      | Killed Natasha
  2233 | D:3      | Noticed Ijyb
  2270 | D:3      | Killed Ijyb
  2348 | D:3      | Noticed Sigmund
  2714 | D:2      | Gained mutation: A meltable icy envelope protects you from
                  | harm. (AC +4) [demonic ancestry]
  2714 | D:2      | Reached XP level 5. HP: 41/41 MP: 5/5
  3282 | D:3      | Killed Sigmund
  3283 | D:3      | Reached XP level 6. HP: 27/49 MP: 6/6
  3428 | D:3      | Found a sacrificial altar of Ru.
  3813 | D:3      | Reached skill level 5 in Fighting
  4131 | D:3      | Gained mutation: You have sharp fingernails. [demonic
                  | ancestry]
  4131 | D:3      | Reached XP level 7. HP: 35/56 MP: 7/7
  4386 | D:4      | Found a staircase to the Ecumenical Temple.
  4406 | Temple   | Entered the Ecumenical Temple
  4509 | Temple   | Became a worshipper of Vehumet
  4743 | D:4      | Reached skill level 1 in Armour
  4832 | D:4      | Found Niucao's Weapon Emporium.
  5932 | D:4      | Reached skill level 5 in Dodging
  6399 | D:4      | Found a glowing golden altar of the Shining One.
  6533 | D:5      | Entered Level 5 of the Dungeon
  6540 | D:5      | Reached * piety under Vehumet
  6540 | D:5      | Offered knowledge of Freeze by Vehumet.
  6598 | D:5      | Noticed Pikel
  6652 | D:5      | Slain by an ogre

Illustrated notes

Levels and vault maps discovered:
D:1:      lightli_arrival_statuegarden, layout_loops_corners,
          grunt_decor_clamped
D:2:      layout_loops_ring, uniq_terence, uniq_natasha
D:3:      layout_rooms, nicolae_ru_great_annihilating_truth, uniq_sigmund,
          uniq_ijyb
D:4:      minmay_razor_zed, layout_loops_cross, kennysheep_mini_moat,
          minmay_temple_entry_butterflies, serial_shops,
          nicolae_shop_waterfront, chequers_serial_rivers_micro_c
D:5:      layout_loops_corners, uniq_duvessa, uniq_pikel
Temple:   regret_index_temple_mists

Skill      XL: |  1  2  3  4  5  6  7 |
---------------+----------------------+-----
Fighting       | 2 3 4 5 |  5.7
Dodging        | 2 3 4 5 |  5.2
Armour         | 2 |  2.2
Polearms       | |  2.6
Throwing       | |  1.0
Shields        | |  0.6
Summonings     | |  1.0
Earth Magic    | |  1.7
Evocations     | |  1.0

Action                   |  1- 3 |  4- 6 |  7- 9 || total
-------------------------+-------+-------+-------++-------
Melee: Quarterstaff      |   101 |   132 |   142 ||   375
       Short sword       |       |    54 |       ||    54
       Long sword        |       |       |    53 ||    53
Throw: Dart              |     7 |    31 |       ||    38
Evoke: Wand              |       |     5 |     8 ||    13
  Use: Potion            |     1 |     9 |     2 ||    12
       Scroll            |       |     9 |     4 ||    13
 Stab: Sleeping          |     1 |     1 |       ||     2
       Invisible         |       |     4 |       ||     4
       Paralysed         |       |     3 |       ||     3
       Petrified         |       |     2 |       ||     2
       Distracted        |       |     1 |     1 ||     2
Armor: Leather armour    |    53 |    70 |       ||   123
       Ring mail         |       |     8 |    83 ||    91
Dodge: Dodged            |   101 |   151 |   145 ||   397
Block: Other             |       |    40 |    29 ||    69
       Buckler           |       |       |    30 ||    30
       Rpst.: Long sword |       |       |    12 ||    12

Table legend: (Time is in decaauts)
 A = Elapsed time spent in this place.
 B = Non-inter-level travel time spent in this place.
 C = Inter-level travel time spent in this place.
 D = Time resting spent in this place.
 E = Time spent auto-exploring this place.
 F = Levels seen in this place.
 G = Mean time per level.
                   A        B        C        D        E       F      G
               +--------+--------+--------+--------+--------+-----+--------+
         Total |   6781 |   6590 |    191 |   2104 |   3217 |   6 | 1130.2 |
       Dungeon |   6620 |   6454 |    166 |   2104 |   3085 |   5 | 1324.0 |
        Temple |    160 |    135 |     25 |      0 |    131 |   1 |  160.0 |
               +--------+--------+--------+--------+--------+-----+--------+

Top non-repeatable levels by time:
     D:4: 2098 daAuts
     D:3: 1648 daAuts
     D:1: 1461 daAuts
     D:2: 1287 daAuts
  Temple: 160 daAuts
     D:5: 124 daAuts
